[Event "9e Open International de Porticcio"]
[Site "Porticcio, France"]
[Date "2024.06.29"]
[Round "1.1"]
[White "Lagarde, Maxime"]
[Black "Baroyan, Davit"]
[Result "1-0"]
[TimeControl "1h30+30s/move"]
[WhiteElo "2604"]
[BlackElo "2151"]

1. e4 e6 2. d4 d5 3. Nd2 c5 4. Ngf3 a6 5. Bd3 c4 6. Be2 b5 7. O-O Bb7 8. exd5 Qxd5 9. c3 Nd7 10.
b3 Rc8 11. bxc4 bxc4 12. Rb1 Ngf6 13. Nxc4 Ne4 14. Ne3 Qxa2 15. Rb2 Qa1 16. Rxb7 Nxc3 17. Bb2 Nxd1 18. Bxa1 Nxe3 19. fxe3 1-0

[Event "9e Open International de Porticcio"]
[Site "Porticcio, France"]
[Date "2024.06.29"]
[Round "1.2"]
[White "Rosol, Philip"]
[Black "Fedorchuk, Sergey A."]
[Result "0-1"]
[TimeControl "1h30+30s/move"]
[WhiteElo "2150"]
[BlackElo "2546"]

1. d4 Nf6 2. c4 e6 3. Nc3 Bb4 4. f3 Ba5 5. e4 d5 6. e5 Nfd7 7. f4 c5 8. Nf3 Nc6 9. Bd2 cxd4 10.
Nb5 O-O 11. Bd3 Nc5 12. Bxh7+ Kxh7 13. Ng5+ Kg6 14. Qg4 Bxd2+ 15. Kxd2 Nxe5 16. Qg3 Nxc4+ 17. Kc1 Kf6 18. Nh7+ Ke7 19.
Qh4+ f6 20. Nxf8 Qxf8 21. b3 Nd6 22. Nxd4 Bd7 23. Rd1 Qh8 24. Qg3 Nce4 25. Qg6 Qc8+ 26. Kb2 Qc3+ 27. Ka3 Nc4# 0-1

[Event "9e Open International de Porticcio"]
[Site "Porticcio, France"]
[Date "2024.06.29"]
[Round "1.3"]
[White "Hamdouchi, Hicham"]
[Black "Mannion, Stephen R"]
[Result "1-0"]
[TimeControl "1h30+30s/move"]
[WhiteElo "2527"]
[BlackElo "2146"]

1. e4 e5 2. Nf3 Nc6 3. Bb5 a6 4. Ba4 Nf6 5. O-O d6 6. c4 Bg4 7. h3 Bxf3 8. Qxf3 Nd7 9. Bxc6 bxc6 10. Qd1 Nc5 11. d4 exd4 12. Qxd4 Ne6 13. Qd1 g6 14. f4 Bg7 15. f5 Nc5 16. Qf3 O-O 17. f6 Bh8 18. g4 Re8 19. Nc3 Qc8 20. b3 Qe6 21. g5 Nxe4 22. Nxe4 Qxe4 23. Bf4 h6 24. h4 Re6 25. Qxe4 Rxe4 26. Rae1 Rae8 27. Bg3 Kf8 28. Kf2 c5 29. Rxe4 Rxe4 30. Kf3 Re6 31. Re1 hxg5 32. hxg5 Ke8 33. Rxe6+ fxe6 34. Be1 Kd7 35. Ba5 c6 36. Kg4 e5 37. Bb6 Ke8 38. Kf3 Kd7 39. Ke4 Ke8 40. Bc7 Kd7 41. Ba5 Ke6 42. Bd8 d5+ 43. Ke3 Kf7 1-0

[Event "9e Open International de Porticcio"]
[Site "Porticcio, France"]
[Date "2024.06.29"]
[Round "1.4"]
[White "Martin, Nils"]
[Black "Clarke, Brandon G I"]
[Result "0-1"]
[TimeControl "1h30+30s/move"]
[WhiteElo "2138"]
[BlackElo "2498"]

1. e4 c5 2. Nf3 g6 3. d4 cxd4 4. Qxd4 Nf6 5. e5 Nc6 6. Qa4 Nd5 7. Qb3 e6 8. Bg5 Qa5+ 9. Nbd2 h6 10.
c4 hxg5 11. cxd5 g4 12. dxc6 bxc6 13. Ng5 Qxe5+ 14. Nge4 Rb8 15. Qc3 Qxc3 16. bxc3 f5 17. Ng3 Rb2 18. Bc4 Bc5 19. Ngf1 Rc2 20.
Ne3 Rxc3 21. Ke2 Bxe3 22. fxe3 Rxc4 23. Nxc4 Ba6 24. Kd3 d5 25. Kd4 dxc4 26. Kc5 Ke7 27. Rad1 Bb5 28. Ra1 Ba4 29.
Rac1 Bb5 30. Ra1 Ba4 31. Rac1 Rd8 32. Rxc4 Rd5+ 33. Kb4 Bb5 34. Rc3 Rd2 35. a4 a5+ 36. Ka3 Bd3 37. Rxc6 Be4 38.
Rc5 Rd3+ 39. Kb2 Rxe3 40. Rxa5 Re2+ 41. Kb3 Rxg2 42. Re5 Re2 43. a5 Bc2+ 0-1

[Event "9e Open International de Porticcio"]
[Site "Porticcio, France"]
[Date "2024.06.29"]
[Round "1.5"]
[White "Bailet, Pierre"]
[Black "Grigorian, Roudolph"]
[Result "1-0"]
[TimeControl "1h30+30s/move"]
[WhiteElo "2491"]
[BlackElo "2116"]

1. e4 c6 2. d4 d5 3. e5 Bf5 4. Nf3 e6 5. Be2 c5 6. O-O Nc6 7. c3 Bg4 8. Nbd2 cxd4 9. cxd4 Qb6 10.
h3 Bh5 11. Nb3 Nge7 12. a4 a5 13. Bb5 Bxf3 14. Qxf3 Nf5 15. Qd3 Bb4 16. g4 Nfe7 17. Be3 h5 18. Kg2 hxg4 19. hxg4 f5 20.
Bg5 fxg4 21. Bxe7 Bxe7 22. Qg6+ Kd7 23. Rh1 Rh3 24. Rxh3 gxh3+ 25. Kxh3 Rf8 26. Kg3 Kc8 27. Qxe6+ Kb8 28.
f4 Ka7 29. Rh1 Qc7 30. Bxc6 bxc6 31. Nxa5 Kb6 32. Nb3 Ra8 33. a5+ Kb5 34. Qg6 Ka6 35. Rc1 Kb7 36. f5 Rh8 37. a6+ Kb6 38.
a7 1-0

[Event "9e Open International de Porticcio"]
[Site "Porticcio, France"]
[Date "2024.06.29"]
[Round "1.6"]
[White "Large, Laurent"]
[Black "Nevednichy, Vladislav"]
[Result "1/2-1/2"]
[TimeControl "1h30+30s/move"]
[WhiteElo "2115"]
[BlackElo "2471"]

1. Nf3 c5 2. g3 Nc6 3. Bg2 e5 4. d3 g6 5. c4 Bg7 6. Nc3 Nge7 7. O-O O-O 8. Rb1 d6 9. a3 a5 10.
Bd2 h6 11. Nb5 Be6 12. e3 e4 13. Ne1 exd3 14. b3 d5 15. cxd5 Bxd5 16. Bxd5 Nxd5 17. Nxd3 b6 18. Nb2 Nc7 19.
Nxc7 Qxc7 20. Qc2 Rad8 21. Bc3 h5 22. Bxg7 Kxg7 23. h4 Ne5 24. Rfd1 Nf3+ 25. Kf1 Qc8 26. Rxd8 Rxd8 27. Rd1 Re8 28.
Kg2 Qg4 29. Rh1 Ne5 30. Re1 Rd8 31. Nc4 Nf3 32. Rh1 b5 33. Nxa5 Rd2 34. Qc3+ f6 35. e4 Nd4 36. Qxd2 Qxe4+ 37. f3 Nxf3 38. Qd7+ Kh6 39. Kf2 Nd4 40. Re1 Qf3+ 41. Kg1 Qxg3+ 42. Kf1 Qd3+ 43. Kf2 Qd2+ 44. Kf1 Qf4+ 45. Kg2 Qf3+ 46.
Kg1 Qg3+ 47. Kf1 Qxh4 48. Re7 Qf4+ 49. Ke1 Qc1+ 50. Kf2 Qd2+ 51. Kf1 Qd1+ 52. Kf2 Qf3+ 53. Ke1 Kg5 54. Nb7 h4 55.
Nd8 Qc3+ 56. Kf2 Qg3+ 57. Kf1 Qf3+ 58. Ke1 Qh1+ 59. Kf2 Qh2+ 60. Kf1 Qf4+ 61. Ke1 Qg3+ 62. Kf1 Qf3+ 63. Ke1 Qc3+ 64.
Kf2 Qd2+ 65. Kf1 Qf4+ 66. Ke1 Qc1+ 67. Kf2 Qf4+ 68. Ke1 Qc1+ 1/2-1/2

[Event "9e Open International de Porticcio"]
[Site "Porticcio, France"]
[Date "2024.06.29"]
[Round "1.7"]
[White "Druska, Juraj"]
[Black "Markuszewski, Maksymilian"]
[Result "1-0"]
[TimeControl "1h30+30s/move"]
[WhiteElo "2466"]
[BlackElo "2114"]

1. e4 c5 2. Nf3 d6 3. d4 cxd4 4. Nxd4 Nf6 5. Nc3 a6 6. Be2 e5 7. Nf3 Be7 8. Bg5 Be6 9. Bxf6 Bxf6 10.
O-O O-O 11. Qd2 Be7 12. Nd5 Bxd5 13. Qxd5 Qc7 14. Bc4 Nd7 15. Bb3 Rac8 16. c3 Qc6 17. Rfe1 Qxd5 18. Bxd5 Rc7 19. Rad1 b5 20. Re2 g6 21.
Ne1 Kg7 22. Nc2 a5 23. Bb3 Rb8 24. Ne3 Nb6 25. a3 Bf8 26. g3 Kf6 27. Rd3 Ke7 28. f4 f6 29. Kg2 Rc6 30. Kf3 Bg7 31. h4 Rf8 32. h5 f5 33. hxg6 hxg6 34. Rh2 fxe4+ 35. Kxe4 Rh8 36. Rxh8 Bxh8 37. Rd2 exf4 38. gxf4 Nd7 39.
Kf3 Bg7 40. Rg2 Nf8 41. f5 Kf6 42. Nd5+ Ke5 43. Re2+ Kxd5 44. Ke4+ 1-0

[Event "9e Open International de Porticcio"]
[Site "Porticcio, France"]
[Date "2024.06.29"]
[Round "1.8"]
[White "Pattnayak Nilsu"]
[Black "Batsiashvili, Nino"]
[Result "0-1"]
[TimeControl "1h30+30s/move"]
[WhiteElo "2113"]
[BlackElo "2450"]

1. e4 e5 2. Nf3 Nc6 3. Bb5 a6 4. Ba4 Nf6 5. O-O d6 6. Re1 Bd7 7. c3 g6 8. d4 Bg7 9. Nbd2 Nh5 10.
Nf1 O-O 11. Bg5 Qe8 12. d5 Nb8 13. Bxd7 Nxd7 14. Ng3 Nxg3 15. hxg3 h6 16. Bd2 a5 17. a4 Nc5 18. b4 axb4 19.
cxb4 Nxa4 20. Qc1 c5 21. dxc6 Qxc6 22. Bxh6 Qxc1 23. Bxc1 d5 24. Ra3 d4 25. Bd2 Rfc8 26. Rea1 b5 27.
Ne1 f5 28. f3 Rc4 29. Nd3 fxe4 30. fxe4 Rac8 31. Rf1 Rc2 32. Rc1 Rxc1+ 33. Nxc1 Bf8 34. Ra1 Nc3 35. Bxc3 dxc3 36. Nd3 c2 37.
Rc1 Bh6 38. Ra1 c1=Q+ 39. Nxc1 Rxc1+ 0-1

[Event "9e Open International de Porticcio"]
[Site "Porticcio, France"]
[Date "2024.06.29"]
[Round "1.10"]
[White "Lemoine, Jean-Pierre"]
[Black "Bertuli, Roger"]
[Result "0-1"]
[TimeControl "1h30+30s/move"]
[WhiteElo "1669"]
[BlackElo "1940"]

1. d4 d5 2. Nf3 Nf6 3. Bf4 Bf5 4. e3 e6 5. Bd3 Be7 6. h3 O-O 7. Bxf5 exf5 8. Nbd2 Nbd7 9. O-O Ne4 10.
Ne1 c5 11. c3 Nb6 12. f3 Nxd2 13. Qxd2 Nc4 14. Qc2 g5 15. b3 Na3 16. Qb2 gxf4 17. Qxa3 cxd4 18. Qc1 dxe3 19. Nd3 Qc7 20.
Qe1 Bf6 21. Rc1 Rfe8 22. Qe2 Bh4 23. Nb4 Rad8 24. Rfd1 Re5 25. Nd3 Re6 26. Nb4 Red6 27. Rd4 Bg3 28. Rdd1 a5 29. Nd3 Rc6 30.
Qc2 Rc8 31. Qb1 Rxc3 32. Rxc3 Qxc3 33. Rc1 Qxc1+ 34. Nxc1 Rxc1+ 35. Qxc1 e2 36. Qc8+ Kg7 37. Qc3+ Kg6 38. Qxa5 e1=Q+ 39. Qxe1 Bxe1 40. Kf1 Bb4 41. Ke2 Kf6 42. Kd3 Ke5 43. h4 h5 44. Kc2 Kd4 45. Kb2 Ke3 46. a3 Be1 47.
a4 Bb4 48. Kc2 d4 0-1

[Event "9e Open International de Porticcio"]
[Site "Porticcio, France"]
[Date "2024.06.30"]
[Round "2.1"]
[White "Roebers, Eline"]
[Black "Lagarde, Maxime"]
[Result "1/2-1/2"]
[TimeControl "1h30+30s/move"]
[WhiteElo "2326"]
[BlackElo "2604"]

1. e4 c5 2. Nf3 Nc6 3. d4 cxd4 4. Nxd4 Nf6 5. Nc3 e5 6. Ndb5 d6 7. Bg5 a6 8. Na3 b5 9. Bxf6 gxf6 10.
Nd5 Bg7 11. Bd3 Ne7 12. Nxe7 Qxe7 13. c4 f5 14. O-O O-O 15. Qe2 Rb8 16. f3 fxe4 17. fxe4 f5 18. exf5 d5 19. cxd5 e4 20.
f6 Qc5+ 21. Kh1 exd3 22. fxg7 dxe2 23. gxf8=Q+ Qxf8 24. Rxf8+ Kxf8 25. Nc2 Bb7 26. Re1 Bxd5 27. b3 Be4 28. Nd4 Rc8 29. Kg1 Bg6 30.
Rxe2 Rc1+ 31. Kf2 Rd1 32. Nc6 Be8 33. Ne5 a5 34. Ke3 a4 35. Nd3 Bf7 36. Rb2 Ke7 37. Nf2 Rc1 38. Kd4 Kd6 39.
Ne4+ Kc6 40. Rf2 Rd1+ 41. Kc3 Bg6 42. Rf6+ Kc7 43. Nc5 Rc1+ 44. Kb4 Rc2 45. Ne6+ Kd7 46. Nf4 Rxa2 47. Nxg6 hxg6 48.
Rxg6 Rb2 49. Rg3 Rb1 50. Ka3 Ra1+ 51. Kb2 Rh1 52. h3 axb3 53. Kxb3 Kc6 54. Rg4 Kc5 55. h4 Rb1+ 56. Kc2 Rh1 57.
g3 b4 58. Rg8 Kc4 59. Rc8+ Kd4 60. Kb2 Rg1 61. Rg8 Rh1 62. Rg5 Kc4 63. Rg4+ Kb5 64. Kb3 Rb1+ 65. Kc2 Rh1 66. Rg7 Kc4 67.
Rc7+ Kd4 68. Rh7 Kc4 69. g4 b3+ 70. Kb2 Rh2+ 71. Kb1 Rh1+ 72. Kb2 Rh2+ 73. Kb1 Rh1+ 1/2-1/2

[Event "9e Open International de Porticcio"]
[Site "Porticcio, France"]
[Date "2024.06.30"]
[Round "2.2"]
[White "Fedorchuk, Sergey A."]
[Black "Eden, James"]
[Result "1-0"]
[TimeControl "1h30+30s/move"]
[WhiteElo "2546"]
[BlackElo "2334"]

1. e4 e5 2. Nf3 Nc6 3. Bc4 Nf6 4. d3 Bc5 5. O-O O-O 6. h3 d6 7. c3 a6 8. Bb3 Ba7 9. Re1 h6 10.
Nbd2 Re8 11. Nf1 Be6 12. Ng3 d5 13. exd5 Bxd5 14. Bc2 Qd6 15. Nh4 Rad8 16. Nhf5 Qd7 17. Qd2 Bc5 18. Nxg7 Kxg7 19.
Qxh6+ Kg8 20. Qg5+ 1-0

[Event "9e Open International de Porticcio"]
[Site "Porticcio, France"]
[Date "2024.06.30"]
[Round "2.3"]
[White "Kuru, Atilla"]
[Black "Hamdouchi, Hicham"]
[Result "1-0"]
[TimeControl "1h30+30s/move"]
[WhiteElo "2314"]
[BlackElo "2527"]

1. e4 e6 2. d4 d5 3. e5 c5 4. c3 Qb6 5. Nf3 Bd7 6. Bd3 cxd4 7. cxd4 Nc6 8. O-O Nxd4 9. Nbd2 Nc6 10. Nb3 Nge7 11. Re1 Ng6 12.
Bd2 Be7 13. Rc1 O-O 14. h4 Rae8 15. h5 Nh4 16. Nxh4 Bxh4 17. Nc5 Bc8 18. Qg4 Qxb2 19. h6 g6 20. Qxh4 Qxd2 21. Rcd1 g5 22.
Qh5 1-0

[Event "9e Open International de Porticcio"]
[Site "Porticcio, France"]
[Date "2024.06.30"]
[Round "2.4"]
[White "Clarke, Brandon G I"]
[Black "Priansh Das"]
[Result "1/2-1/2"]
[TimeControl "1h30+30s/move"]
[WhiteElo "2498"]
[BlackElo "2263"]

1. c3 Nf6 2. d3 g6 3. g3 Bg7 4. Bg2 O-O 5. f4 d5 6. Nf3 c5 7. O-O Nc6 8. Na3 d4 9. e4 dxe3 10.
Bxe3 Bf5 11. Bxc5 Bxd3 12. Re1 Be4 13. Qxd8 Rfxd8 14. Nd4 Bxg2 15. Kxg2 Nxd4 16. Bxd4 Ng4 17. Nc2 e5 18. fxe5 Nxe5 19.
Re2 Nc6 20. Bxg7 Kxg7 21. Rf1 Rd7 22. g4 h6 23. Rf4 Rad8 24. h3 Rd2 25. Rff2 Rxe2 26. Rxe2 f5 27. gxf5 gxf5 28. Rf2 Kg6 29. Ne3 Ne7 30.
Kf3 Kf6 31. Ke2 Ke5 32. Rg2 Kf6 33. Rf2 Ke5 34. Rg2 Kf6 35. Rf2 Ke5 1/2-1/2

[Event "9e Open International de Porticcio"]
[Site "Porticcio, France"]
[Date "2024.06.30"]
[Round "2.5"]
[White "Klek, Hanna Marie"]
[Black "Bailet, Pierre"]
[Result "0-1"]
[TimeControl "1h30+30s/move"]
[WhiteElo "2300"]
[BlackElo "2491"]

1. e4 e5 2. Nf3 Nc6 3. Bc4 Nf6 4. d3 Bc5 5. a4 O-O 6. O-O h6 7. a5 a6 8. c3 d6 9. Be3 Bxe3 10.
fxe3 Be6 11. Nbd2 Bxc4 12. Nxc4 d5 13. Ncxe5 dxe4 14. Nxc6 bxc6 15. dxe4 Nxe4 16. Qd4 Qd5 17. Rad1 Rab8 18.
Qa4 Qe6 19. Nd4 Qe8 20. Qxc6 Qxc6 21. Nxc6 Rxb2 22. Rd7 Nxc3 23. Ne7+ Kh7 24. Rxc7 Ne4 25. Nf5 Rb5 26. Re7 Nd2 27.
Rf4 g5 28. Rd4 Nb3 29. Nd6 Nxd4 30. exd4 Rxa5 31. h3 Kg6 0-1

[Event "9e Open International de Porticcio"]
[Site "Porticcio, France"]
[Date "2024.06.30"]
[Round "2.7"]
[White "Batsiashvili, Nino"]
[Black "Ribeiro, Gustavo"]
[Result "1-0"]
[TimeControl "1h30+30s/move"]
[WhiteElo "2450"]
[BlackElo "2246"]

1. d4 Nf6 2. c4 e6 3. Nc3 Bb4 4. e3 O-O 5. Bd3 c5 6. Nge2 d5 7. cxd5 Nxd5 8. O-O cxd4 9. exd4 Nc6 10.
a3 Be7 11. Bc4 Nxc3 12. bxc3 b6 13. Qd3 Bb7 14. Bb2 Rc8 15. Rac1 Qd7 16. Rfe1 Ne5 17. dxe5 Qc6 18. Qg3 Qxc4 19.
Nd4 Rfd8 20. Rcd1 a5 21. h4 b5 22. Re3 Qa2 23. Bc1 Bxa3 24. Red3 Bf8 25. Bg5 Rd5 26. h5 Qa4 27. Qg4 Rxe5 28.
Bf6 Re4 29. f4 g6 30. hxg6 hxg6 31. Qh4 Bg7 32. Nb3 Bd5 33. Rh3 Kf8 34. Qh8+ 1-0

[Event "9e Open International de Porticcio"]
[Site "Porticcio, France"]
[Date "2024.06.30"]
[Round "2.8"]
[White "Nayak Rajesh"]
[Black "Rakotomaharo, Fy Antenaina"]
[Result "0-1"]
[TimeControl "1h30+30s/move"]
[WhiteElo "2185"]
[BlackElo "2448"]

1. e4 e5 2. Nf3 Nc6 3. Nc3 Nf6 4. Bb5 Bd6 5. O-O O-O 6. d3 Re8 7. Ne2 Ne7 8. Bc4 Ng6 9. Ng5 Re7 10.
Ng3 h6 11. Nh3 Re8 12. Nh5 c6 13. Bb3 Bc5 14. Be3 d6 15. Bxc5 dxc5 16. f4 Bxh3 17. gxh3 exf4 18. Nxf4 Ne5 19.
Nh5 Nxh5 20. Qxh5 Qg5+ 21. Qxg5 hxg5 22. Kg2 Kf8 23. Rf5 f6 24. Raf1 Ke7 25. Rxe5+ fxe5 26. Rf7+ Kd6 27. Rxg7 Re7 28.
Rg6+ Kc7 29. Be6 Rd8 30. Bg4 c4 31. Be2 Rf7 32. Rxg5 Rdf8 33. Bg4 Rf2+ 34. Kg3 b5 35. dxc4 bxc4 36.
Rxe5 Rxc2 37. Re7+ Kb6 38. Be6 Kc5 39. Rb7 Rff2 40. b4+ Kd4 41. Rd7+ Kxe4 42. Bf7 Rg2+ 43. Kh4 c3 44. Bb3 Rcd2 45.
Re7+ Kf5 46. Rf7+ Kg6 47. Rf4 c2 48. Rc4 c1=Q 49. Rxc1 Rd4# 0-1

[Event "9e Open International de Porticcio"]
[Site "Porticcio, France"]
[Date "2024.06.30"]
[Round "2.10"]
[White "Bertuli, Roger"]
[Black "Guagnini, Francois-Joseph"]
[Result "1-0"]
[TimeControl "1h30+30s/move"]
[WhiteElo "1940"]
[BlackElo "1791"]

1. d4 Nf6 2. c4 e6 3. g3 d5 4. Bg2 Be7 5. Nf3 O-O 6. O-O b6 7. cxd5 exd5 8. Bf4 Bf5 9. Nc3 Nbd7 10.
Rc1 c6 11. Ne5 Nxe5 12. dxe5 Nd7 13. h4 Rc8 14. e4 dxe4 15. Nxe4 Nc5 16. Nd6 Bxd6 17. exd6 Qd7 18. Qd4 Ne6 19.
Qd2 Nxf4 20. Qxf4 Be6 21. Rfe1 Rfe8 22. b3 c5 23. Red1 Bg4 24. Rd2 Re2 25. Rxe2 Bxe2 26. Re1 Re8 27.
Qd2 Bb5 28. Rxe8+ Qxe8 29. Bh3 Bd7 30. Bxd7 Qxd7 31. Qd5 g6 32. Qe5 Qd8 33. Qe7 Qf8 34. Qc7 Qe8 35. d7 Qe1+ 36. Kg2 Qe4+ 37.
Kh2 Qf3 38. d8=Q+ Kg7 39. Qe5+ 1-0

[Event "9e Open International de Porticcio"]
[Site "Porticcio, France"]
[Date "2024.06.30"]
[Round "3.2"]
[White "Bailet, Pierre"]
[Black "Anwesh, Upadhyaya"]
[Result "1-0"]
[TimeControl "1h30+30s/move"]
[WhiteElo "2491"]
[BlackElo "2354"]

1. e4 e5 2. Nf3 Nc6 3. Bb5 a6 4. Ba4 Nf6 5. O-O Be7 6. d3 b5 7. Bb3 O-O 8. a3
d6 9. Nc3 Bg4 10. Be3 Nd4 11. Bxd4 exd4 12. Nd5 c5 13. a4 Be6 14. Nxe7+ Qxe7 15.
Bxe6 Qxe6 16. b4 Nd7 17. bxc5 dxc5 18. Ng5 Qc6 19. f4 h6 20. Nf3 Rfe8 21. Nh4
bxa4 22. Nf5 Kh7 23. e5 f6 24. Qg4 g6 25. Nd6 Re7 26. Qh4 Rf8 27. Rae1 g5 28.
Qh5 fxe5 29. fxe5 Rxf1+ 30. Rxf1 Rg7 31. Ne8 Rg6 32. Rf7+ Kg8 33. Rxd7 a3 34.
Nf6+ Rxf6 35. Qe8+ Rf8 36. Rg7+ 1-0

[Event "9e Open International de Porticcio"]
[Site "Porticcio, France"]
[Date "2024.06.30"]
[Round "3.3"]
[White "Druska, Juraj"]
[Black "Kavutskiy, Konstantin"]
[Result "1-0"]
[TimeControl "1h30+30s/move"]
[WhiteElo "2466"]
[BlackElo "2345"]

1. d4 Nf6 2. c4 g6 3. Nc3 Bg7 4. e4 d6 5. h3 Nbd7 6. Bd3 e5 7. d5 Nc5 8. Bc2 a5 9. Be3 b6 10.
Nge2 O-O 11. g4 h5 12. g5 Nh7 13. Qd2 f6 14. gxf6 Bxf6 15. O-O-O Ng5 16. Ng1 Qe7 17. f3 Bd7 18.
Qg2 Kh7 19. Nge2 Nf7 20. Rhg1 Rg8 21. Kb1 a4 22. Rdf1 Qe8 23. f4 Qe7 24. Qf3 Raf8 25. f5 g5 26. Qxh5+ Nh6 27. Ng3 a3 28.
b4 Na6 29. b5 Nc5 30. Qe2 Be8 31. Rg2 g4 32. hxg4 Bg5 33. Rh2 1-0

[Event "9e Open International de Porticcio"]
[Site "Porticcio, France"]
[Date "2024.06.30"]
[Round "3.5"]
[White "Rakotomaharo, Fy Antenaina"]
[Black "Kuru, Atilla"]
[Result "1-0"]
[TimeControl "1h30+30s/move"]
[WhiteElo "2448"]
[BlackElo "2314"]

1. e4 c5 2. a4 e6 3. g3 d5 4. exd5 exd5 5. Bg2 Nf6 6. Ne2 Be7 7. O-O O-O 8. d4 Bg4 9. dxc5 Bxc5 10.
h3 Bxe2 11. Qxe2 Nbd7 12. Nc3 Qa5 13. Bd2 Bb4 14. Rfd1 Nb6 15. Qb5 Nc4 16. Nxd5 Qxb5 17. axb5 Nxd5 18. Bxd5 Nxd2 19. c3 Be7 20.
Rxd2 Rfd8 21. Rdd1 Rab8 22. Rxa7 Bc5 23. Raa1 Kf8 24. Bf3 Ke7 25. Kf1 Rxd1+ 26. Rxd1 g6 27. Ke2 f5 28. Rd2 Ke6 29.
Kd1 h5 30. Kc2 b6 31. b4 Bd6 32. Bd5+ Kf6 33. Re2 Rd8 34. Re6+ Kg7 35. c4 g5 36. Kc3 f4 37. g4 hxg4 38. hxg4 Rd7 39. f3 Kf8 40.
Kd4 Bxb4 41. Rxb6 Ke7 42. Re6+ Kd8 43. b6 Bd2 44. c5 Be3+ 45. Kc4 Bf2 46. c6 Rh7 47. c7+ Kd7 48. Re8 1-0

[Event "9e Open International de Porticcio"]
[Site "Porticcio, France"]
[Date "2024.06.30"]
[Round "3.6"]
[White "Roux, Baptiste"]
[Black "Clarke, Brandon G I"]
[Result "1/2-1/2"]
[TimeControl "1h30+30s/move"]
[WhiteElo "2352"]
[BlackElo "2498"]

1. e4 c5 2. Nf3 d6 3. d4 cxd4 4. Nxd4 Nf6 5. Nc3 g6 6. Be3 Bg7 7. f3 O-O 8. Qd2 Nc6 9. Bc4 Bd7 10.
h4 h5 11. O-O-O Rc8 12. Bb3 Ne5 13. Bg5 Rc5 14. Kb1 b5 15. g4 a5 16. gxh5 a4 17. h6 Bh8 18. h7+ Nxh7 19. Bd5 b4 20.
Nce2 Qe8 21. f4 Ng4 22. Rdg1 Nf2 23. Rh2 e6 24. Rxf2 exd5 25. Nf5 Bxf5 26. exf5 b3 27. Nc3 bxc2+ 28. Qxc2 Nxg5 29. fxg6 fxg6 30. fxg5 Rxf2 31. Qxf2 a3 32. Re1 Be5 33. Qf3 Qb8 34. Na4 Ra5 35. Qb3 Rb5 36. Qxa3 Rb4 37.
b3 Rxh4 38. Nb2 Rd4 39. Qa6 Qf8 40. Rxe5 dxe5 41. Qxg6+ Kh8 42. Qh5+ Kg7 43. Qh6+ Kg8 44. Qg6+ Kh8 45. Qh5+ Kg8 46.
Qg6+ Kh8 47. Qh5+ 1/2-1/2

[Event "9e Open International de Porticcio"]
[Site "Porticcio, France"]
[Date "2024.06.30"]
[Round "3.7"]
[White "Lagarde, Maxime"]
[Black "Ouellet, Maili-Jade"]
[Result "1/2-1/2"]
[TimeControl "1h30+30s/move"]
[WhiteElo "2604"]
[BlackElo "2290"]

1. e4 c5 2. Nf3 Nc6 3. Bb5 e6 4. O-O Nge7 5. Re1 a6 6. Bf1 d5 7. exd5 Nxd5 8. d4 Nf6 9. Be3 Be7 10.
c4 O-O 11. Nc3 cxd4 12. Nxd4 Ne5 13. h3 Bd7 14. c5 Qc8 15. Rc1 Rd8 16. b4 Nc6 17. Qb3 Nxd4 18. Bxd4 Bc6 19. Be5 Nd5 20.
Ne4 Qd7 21. Bc4 f6 22. Bd6 Bxd6 23. cxd6 b6 24. Bxd5 Bxd5 25. Qg3 Qf7 26. Rc7 Qg6 27. Qxg6 hxg6 28. Nc3 Rxd6 29. Nxd5 exd5 30. Ree7 Rad8 31. Rxg7+ Kh8 32. Kf1 d4 33. Rxg6 d3 34. Rc4 Kh7 35. Rg3 Rd4 36.
Rxd4 Rxd4 37. Ke1 d2+ 38. Kd1 Rxb4 39. Rb3 Rf4 40. f3 b5 41. Ra3 Rb4 42. g4 Rb1+ 43. Kxd2 Rh1 44. Rxa6 Kg7 45. Ke3 Rxh3 46. Ke4 f5+ 47.
gxf5 Rh2 48. a3 Kf7 49. f6 Rh4+ 50. f4 Rh5 51. Kd4 Rf5 52. Ke3 Rc5 53. Ke4 Rh5 54. Ra5 Rc5 55. Kd4 Rc4+ 56.
Kd5 Rc3 57. Ra6 Rc4 58. Ke5 Rc5+ 59. Ke4 Rc4+ 60. Kf5 Rc5+ 61. Kg4 Rd5 62. Ra5 Rd3 63. Kg5 Rd5+ 64. f5 Rd3 65. Ra7+ Kf8 66.
f7 Rd6 67. Rb7 Ra6 68. Rxb5 Rxa3 69. Rb8+ Kxf7 70. Rb7+ Kf8 71. Kg6 Rf3 72. Kf6 Kg8 73. Rb8+ Kh7 74. Ke6 Kg7 75. Rb7+ Kf8 76. Rb5 Rf1 77. Kf6 Kg8 78.
Rb2 Rf3 79. Rg2+ Kf8 80. Kg6 Ke7 81. Rg5 Kf8 82. Rh5 Kg8 83. Rh1 Ra3 84. Rb1 Rg3+ 85. Kf6 Rf3 86. Rb8+ Kh7 87. Rb7+ Kg8 88. Rb8+ Kh7 89. Rb7+ Kg8 1/2-1/2

[Event "9e Open International de Porticcio"]
[Site "Porticcio, France"]
[Date "2024.06.30"]
[Round "3.8"]
[White "Priansh Das"]
[Black "Nevednichy, Vladislav"]
[Result "0-1"]
[TimeControl "1h30+30s/move"]
[WhiteElo "2263"]
[BlackElo "2471"]

1. e4 c5 2. Nf3 d6 3. Bb5+ Nd7 4. O-O Ngf6 5. Re1 a6 6. Bd3 e5 7. c3 Be7 8. Bc2 O-O 9. d4 b5 10.
a4 Rb8 11. d5 c4 12. Nbd2 Nc5 13. Nf1 Qc7 14. axb5 axb5 15. Ng3 b4 16. cxb4 Rxb4 17. Qd2 Qb6 18. Qc3 Bd7 19. Bd2 Rxb2 20.
Reb1 Rxb1+ 21. Rxb1 Qa6 22. Ra1 Qb5 23. Rb1 Nb3 24. Bxb3 cxb3 25. Qxb3 Qxb3 26. Rxb3 Ra8 27. h3 Bd8 28.
Ne1 h5 29. Nf3 g6 30. Bg5 Kg7 31. Nd2 Ra1+ 32. Rb1 Rxb1+ 33. Nxb1 Bb5 34. Nd2 Bd3 35. Ngf1 Bb6 36. Ng3 Bc5 37.
Nb3 Ba7 38. Nd2 Bb6 39. Bh4 Nh7 40. Kh1 Kf8 41. Ngf1 g5 42. Bg3 h4 43. Bh2 Bxf2 44. g4 Nf6 45. Kg2 Be1 46. Kf3 Ke7 47.
Ke3 Bb5 48. Bg1 Nd7 49. Bf2 Bxd2+ 50. Nxd2 Nf8 51. Kf3 Ng6 52. Be3 f6 53. Kf2 Bd3 54. Kf3 Kd7 55. Kf2 Kc7 56. Kf3 Nf4 57.
Bxf4 exf4 58. Nb3 Bf1 59. Nd4 Bxh3 60. Nb5+ Kd7 61. Nc3 Bf1 62. Kf2 Bd3 63. Kg2 Kc7 64. Kf3 h3 65. Kf2 Kb6 0-1

[Event "9e Open International de Porticcio"]
[Site "Porticcio, France"]
[Date "2024.06.30"]
[Round "3.10"]
[White "Bernardi, Nicolas"]
[Black "Bertuli, Roger"]
[Result "1/2-1/2"]
[TimeControl "1h30+30s/move"]
[WhiteElo "1832"]
[BlackElo "1940"]

1. e4 Nc6 2. Nf3 d6 3. d4 Nf6 4. Nc3 Bg4 5. Be2 e5 6. dxe5 dxe5 7. O-O Qxd1 8. Rxd1 Bxf3 9. Bxf3 Nd4 10.
Bg5 c6 11. Rac1 O-O-O 12. Ne2 Nxf3+ 13. gxf3 Be7 14. Ng3 g6 15. Nf1 Rxd1 16. Rxd1 Rd8 17. Rxd8+ Kxd8 18. Ne3 Nd7 19. Bxe7+ Kxe7 20.
Kf1 Ke6 21. Ke2 Nf6 22. Ng2 Nh5 23. Ke3 g5 24. c3 Ng7 25. Ne1 f5 26. Nd3 f4+ 27. Ke2 Kd6 28. Nc1 Ne6 29. Kd2 a5 30.
b3 b5 31. a3 c5 32. Kc2 h5 33. h3 b4 34. axb4 cxb4 35. Ne2 Kc5 36. Kd3 bxc3 37. Kxc3 Nc7 38. Kc2 Kb4 39. Kb2 Nb5 40.
Nc1 Kc5 41. Ne2 Kb4 42. Nc1 Kc5 43. Ne2 Nd4 44. Nc1 Kb4 45. Ne2 Kc5 46. Nc1 1/2-1/2

[Event "9e Open International de Porticcio"]
[Site "Porticcio, France"]
[Date "2024.07.01"]
[Round "4.1"]
[White "Druska, Juraj"]
[Black "Bailet, Pierre"]
[Result "1/2-1/2"]
[TimeControl "1h30+30s/move"]
[WhiteElo "2466"]
[BlackElo "2491"]

1. e4 e5 2. Nf3 Nc6 3. Nc3 Nf6 4. a4 d6 5. d4 exd4 6. Nxd4 Be7 7. Bb5 Bd7 8. O-O O-O 9. Re1 a6 10.
Bxc6 bxc6 11. Qf3 c5 12. Nf5 Bxf5 13. Qxf5 Rb8 14. b3 Re8 15. Bg5 h6 16. Bh4 Qc8 17. Qxc8 Rbxc8 18. e5 dxe5 19.
Rxe5 g5 20. Bg3 Ng4 21. Rf5 Bf6 22. Rxc5 Bd4 23. Rc4 c5 24. h3 Ne3 25. fxe3 Rxe3 26. Bf2 Rxc3 27. Rd1 Rxc4 28. bxc4 Bxf2+ 29. Kxf2 Rb8 30. Rd5 Rb2 31. Rxc5 Rxc2+ 32. Kf3 Kg7 33. Rc6 a5 34. Rc5 Kg6 35. Rxa5 Rxc4 36. Ra8 Rc3+ 37. Kf2 Rc2+ 38.
Kf3 Rc3+ 39. Kf2 Rc2+ 40. Kf3 1/2-1/2

[Event "9e Open International de Porticcio"]
[Site "Porticcio, France"]
[Date "2024.07.01"]
[Round "4.2"]
[White "Fedorchuk, Sergey A."]
[Black "Rakotomaharo, Fy Antenaina"]
[Result "1-0"]
[TimeControl "1h30+30s/move"]
[WhiteElo "2546"]
[BlackElo "2448"]

1. e4 c5 2. Nf3 e6 3. d4 cxd4 4. Nxd4 Nf6 5. Nd2 e5 6. N4f3 Nc6 7. Bb5 Bc5 8. O-O O-O 9. Bxc6 dxc6 10.
Nxe5 Re8 11. Nd3 Bg4 12. Qe1 Bb6 13. Kh1 Nxe4 14. Nxe4 f5 15. Bg5 Qd5 16. Nf4 Qxe4 17. f3 Qxe1 18.
Raxe1 h6 19. Be7 Kf7 20. Bb4 g5 21. Rxe8 Rxe8 22. fxg4 gxf4 23. Rxf4 Re4 24. Rxe4 fxe4 25. g3 Kg6 26.
Kg2 a5 27. Bd2 a4 28. Bf4 Bd4 29. b3 axb3 30. axb3 b5 31. Kf1 Bc5 32. Ke2 Bd4 33. Be3 Bb2 34. Kf2 Bc3 35. Bc5 Kg5 1-0